SL
PORTLAND EVERGREENS @ WIZARDING EXPRESS
08/16/2030
 
TOP OF THE 1ST
Portland Evergreens batting - Pitching for Wizarding Express : LHP Javier Roldán
Pitching: LHP Javier Roldán
Batting: SHB Willie McGirt 0-0: Called Strike
0-1: Ball
1-1: Called Strike
1-2: Foul Ball, location: 2F
1-2: Ball
2-2: Ball
3-2: Strikes out swinging
Batting: LHB John Ennis 0-0: Ball
1-0: Foul Ball, location: 2F
1-1: Called Strike
1-2: Ball
2-2: Ball
3-2: Foul Ball, location: 2F
3-2: Foul Ball, location: 2F
3-2: Base on Balls
Batting: RHB Nelson Jaramillo 0-0: Ball
1-0: Foul Ball, location: 2F
1-1: Fly out, F9 (Flyball, 89S)
Batting: LHB Dewitt Hopper 0-0: Foul Ball, location: 2F
0-1: Ball
1-1: Ball
2-1: Fly out, F7 (Flyball, 7)
Top of the 1st over - 0 runs, 0 hits, 0 errors, 1 left on base; Portland 0 - Wizarding 0
BOTTOM OF THE 1ST
Wizarding Express batting - Pitching for Portland Evergreens : RHP Jorge Otero
Pitching: RHP Jorge Otero
Batting: LHB José Corona 0-0: Called Strike
0-1: Foul Ball, location: 2F
0-2: Foul Ball, location: 2F
0-2: Foul Ball, location: 2F
0-2: Ball
1-2: Ball
2-2: SINGLE (Line Drive, 4MD)
Batting: SHB Salvador Trevino 0-0: Called Strike
0-1: Ball
1-1: Foul Ball, location: 2F
1-2: Strikes out swinging
Batting: RHB António Martínez 0-0: Called Strike
0-1: SINGLE (Flyball, 7S)
José Corona to second
Batting: LHB Nathan Tanner 0-0: Called Strike
José Corona steals 3rd base
0-1: Ball
1-1: Foul Ball, location: 2F
1-2: Ball
2-2: Strikes out swinging
Batting: RHB Gonzalo Ángel 0-0: Ball
1-0: Called Strike
1-1: Ball
2-1: Fly out, F6 (Popup, 4MD)
Bottom of the 1st over - 0 runs, 2 hits, 0 errors, 2 left on base; Portland 0 - Wizarding 0
TOP OF THE 2ND
Portland Evergreens batting - Pitching for Wizarding Express : LHP Javier Roldán
Batting: LHB Chris Payling 0-0: Ball
1-0: SINGLE (Line Drive, 7S)
Batting: RHB Rob Gray 0-0: Ball
1-0: Swinging Strike
1-1: Called Strike
1-2: Ball
2-2: Ball
3-2: Strikes out swinging
Batting: LHB Adrián Gómez 0-0: Foul Ball, location: 2F
0-1: Swinging Strike
Chris Payling steals 2nd base
0-2: Ball
1-2: Ball
2-2: Ball
3-2: Foul Ball, location: 2F
3-2: Strikes out looking
Batting: RHB Andrés Rodríguez 0-0: Ball
1-0: Ball
2-0: Fly out, F8 (Flyball, 8RXD)
Top of the 2nd over - 0 runs, 1 hit, 0 errors, 1 left on base; Portland 0 - Wizarding 0
BOTTOM OF THE 2ND
Wizarding Express batting - Pitching for Portland Evergreens : RHP Jorge Otero
Batting: RHB Ralph Cranford 0-0: Ball
1-0: Called Strike
1-1: Swinging Strike
1-2: Foul Ball, location: 2F
1-2: Strikes out swinging
Batting: LHB António Boccanegra 0-0: Ball
1-0: Ball
2-0: Called Strike
2-1: Swinging Strike
2-2: Ball
3-2: Foul Ball, location: 2F
3-2: SINGLE (Groundball, 4D)
Batting: LHB David Breitling 0-0: Ball
1-0: SINGLE (Groundball, 34) (infield hit)
António Boccanegra to second
Batting: RHB Frank Grimes 0-0: Called Strike
0-1: Fly out, F8 (Line Drive, 8LM)
Batting: LHB José Corona 0-0: Ball
1-0: Swinging Strike
1-1: Ball
2-1: Fly out, F8 (Line Drive, 8LD)
Bottom of the 2nd over - 0 runs, 2 hits, 0 errors, 2 left on base; Portland 0 - Wizarding 0
TOP OF THE 3RD
Portland Evergreens batting - Pitching for Wizarding Express : LHP Javier Roldán
Batting: LHB Ramón Garmendia 0-0: Ball
1-0: Fly out, F8 (Flyball, 8LM)
Batting: SHB Willie McGirt 0-0: SINGLE (Flyball, 9S)
Batting: LHB John Ennis 0-0: Called Strike
0-1: Grounds into double play, 6-4-3 (Groundball, 6)
Top of the 3rd over - 0 runs, 1 hit, 0 errors, 0 left on base; Portland 0 - Wizarding 0
BOTTOM OF THE 3RD
Wizarding Express batting - Pitching for Portland Evergreens : RHP Jorge Otero
Batting: SHB Salvador Trevino 0-0: Foul Ball, location: 2F
0-1: Ball
1-1: Ball
2-1: Ball
3-1: Base on Balls
Batting: RHB António Martínez 0-0: Ball
1-0: Foul Ball, location: 2F
1-1: Swinging Strike
1-2: Foul Ball, location: 2F
1-2: Foul Ball, location: 2F
1-2: Foul Ball, location: 2F
1-2: Fly out, F1 (Line Drive, 15)
Batting: LHB Nathan Tanner 0-0: Called Strike
0-1: Ball
1-1: Ball
2-1: Called Strike
2-2: SINGLE (Groundball, 6D)
Salvador Trevino to second
Batting: RHB Gonzalo Ángel 0-0: Ball
1-0: Called Strike
1-1: Foul Ball, location: 2F
1-2: Foul Ball, location: 2F
1-2: Foul Ball, location: 2F
1-2: Ball
2-2: SINGLE (Groundball, 4MD)
Salvador Trevino to third
Nathan Tanner to second
Runner from 3rd tries for Home, SAFE, no throw
Batting: RHB Ralph Cranford 0-0: Swinging Strike
0-1: Ball
1-1: Swinging Strike
1-2: Strikes out swinging
Batting: LHB António Boccanegra 0-0: Ball
1-0: Foul Ball, location: 2F
1-1: Ball
2-1: Swinging Strike
2-2: Ball
3-2: Fly out, F9 (Flyball, 9LS)
Bottom of the 3rd over - 1 run, 2 hits, 0 errors, 2 left on base; Portland 0 - Wizarding 1
TOP OF THE 4TH
Portland Evergreens batting - Pitching for Wizarding Express : LHP Javier Roldán
Batting: RHB Nelson Jaramillo 0-0: Called Strike
0-1: Ball
1-1: Foul Ball, location: 2F
1-2: SINGLE (Groundball, 56S) (infield hit)
Batting: LHB Dewitt Hopper 0-0: Called Strike
0-1: Ball
1-1: Foul Ball, location: 2F
1-2: Ball
2-2: Strikes out looking
Batting: LHB Chris Payling 0-0: SINGLE (Flyball, 89M)
Nelson Jaramillo to second
Runner from 2nd tries for 3rd, SAFE, no throw
Batting: RHB Rob Gray 0-0: Ball
Chris Payling is caught stealing 2nd base
1-0: Swinging Strike
1-1: Foul Ball, location: 2F
1-2: Ball
2-2: Strikes out looking
Top of the 4th over - 0 runs, 2 hits, 0 errors, 1 left on base; Portland 0 - Wizarding 1
BOTTOM OF THE 4TH
Wizarding Express batting - Pitching for Portland Evergreens : RHP Jorge Otero
Batting: LHB David Breitling 0-0: Foul Ball, location: 2F
0-1: Called Strike
0-2: Strikes out swinging
Batting: RHB Frank Grimes 0-0: Ball
1-0: Called Strike
1-1: Ball
2-1: Fly out, F8 (Flyball, 8RS)
Batting: LHB José Corona 0-0: Ground out 6-3 (Groundball, 6M)
Bottom of the 4th over - 0 runs, 0 hits, 0 errors, 0 left on base; Portland 0 - Wizarding 1
TOP OF THE 5TH
Portland Evergreens batting - Pitching for Wizarding Express : LHP Javier Roldán
Batting: LHB Adrián Gómez 0-0: Ball
1-0: DOUBLE (Line Drive, 7D)
Batting: RHB Andrés Rodríguez 0-0: Called Strike
0-1: Swinging Strike
0-2: Ground out 5-3 (Groundball, 56)
Batting: LHB Ramón Garmendia 0-0: Ball
1-0: Swinging Strike
1-1: Ball
2-1: Fly out, F8 (Flyball, 8RM)
Batting: SHB Willie McGirt 0-0: Ball
Passed Ball!
Adrián Gómez to third
1-0: Called Strike
1-1: Ball
2-1: Called Strike
2-2: Foul Ball, location: 2F
2-2: Ball
3-2: SINGLE (Flyball, 7LS)
Adrián Gómez scores
Batting: LHB John Ennis 0-0: Ball
Willie McGirt is caught stealing 2nd base
Top of the 5th over - 1 run, 2 hits, 0 errors, 0 left on base; Portland 1 - Wizarding 1
BOTTOM OF THE 5TH
Wizarding Express batting - Pitching for Portland Evergreens : RHP Jorge Otero
Batting: SHB Salvador Trevino 0-0: Ball
1-0: Ball
2-0: Called Strike
2-1: Called Strike
2-2: Ground out 4-3 (Groundball, 4)
Batting: RHB António Martínez 0-0: Ball
1-0: Called Strike
1-1: Called Strike
1-2: Ball
2-2: Ball
3-2: Base on Balls
Batting: LHB Nathan Tanner 0-0: Fielders Choice at 2nd, 4-6 (Groundball, 4)
Batting: RHB Gonzalo Ángel 0-0: Called Strike
0-1: Swinging Strike
0-2: Ball
1-2: Ball
2-2: Strikes out swinging
Bottom of the 5th over - 0 runs, 0 hits, 0 errors, 1 left on base; Portland 1 - Wizarding 1
TOP OF THE 6TH
Portland Evergreens batting - Pitching for Wizarding Express : LHP Javier Roldán
Batting: LHB John Ennis 0-0: Ball
1-0: Ball
2-0: Foul Ball, location: 2F
2-1: Ball
3-1: Swinging Strike
3-2: Foul Ball, location: 2F
3-2: SINGLE (Line Drive, 8LS)
Batting: RHB Nelson Jaramillo 0-0: Called Strike
0-1: Ball
1-1: Ball
John Ennis steals 2nd base
2-1: Called Strike
2-2: Foul Ball, location: 2F
2-2: Fly out, F5 (Popup, 56)
Batting: LHB Dewitt Hopper 0-0: Called Strike
0-1: Called Strike
0-2: Ball
1-2: Strikes out swinging
Batting: LHB Chris Payling 0-0: Foul Ball, location: 2F
0-1: Ground out 5-3 (Groundball, 56)
Top of the 6th over - 0 runs, 1 hit, 0 errors, 1 left on base; Portland 1 - Wizarding 1
BOTTOM OF THE 6TH
Wizarding Express batting - Pitching for Portland Evergreens : RHP Jorge Otero
Pitching: LHP Shinzo Kumagai
Batting: RHB Ralph Cranford 0-0: Ball
1-0: Ball
2-0: Swinging Strike
2-1: Called Strike
2-2: Ball
3-2: Base on Balls
Batting: LHB António Boccanegra 0-0: Ball
1-0: Grounds into double play, 4-6-3 (Groundball, 4)
Batting: LHB David Breitling 0-0: Foul Ball, location: 2F
0-1: Foul Ball, location: 2F
0-2: Ball
1-2: Strikes out swinging
Bottom of the 6th over - 0 runs, 0 hits, 0 errors, 0 left on base; Portland 1 - Wizarding 1
TOP OF THE 7TH
Portland Evergreens batting - Pitching for Wizarding Express : LHP Javier Roldán
Pitching: RHP Marcos Oquendo
Batting: RHB Rob Gray 0-0: Ball
1-0: Foul Ball, location: 2F
1-1: Swinging Strike
1-2: Ball
2-2: Ground out 4-3 (Groundball, 34)
Batting: LHB Adrián Gómez 0-0: Ball
1-0: Foul Ball, location: 2F
1-1: Foul Ball, location: 2F
1-2: Ball
2-2: Foul Ball, location: 2F
2-2: Strikes out swinging
Batting: RHB Andrés Rodríguez 0-0: Swinging Strike
0-1: Called Strike
0-2: Ball
1-2: Ball
2-2: Foul Ball, location: 2F
2-2: Strikes out swinging
Top of the 7th over - 0 runs, 0 hits, 0 errors, 0 left on base; Portland 1 - Wizarding 1
BOTTOM OF THE 7TH
Wizarding Express batting - Pitching for Portland Evergreens : LHP Shinzo Kumagai
Pitching: RHP Keith Rojas
Batting: RHB Frank Grimes 0-0: Ball
1-0: SINGLE (Groundball, 56D)
Batting: LHB José Corona 0-0: Bunted foul
0-1: Bunt - Flyout! F1
Batting: SHB Salvador Trevino 0-0: Ball
Frank Grimes steals 2nd base
1-0: Ball
2-0: Ground out 5-3 (Groundball, 5)
Batting: RHB António Martínez 0-0: Ball
1-0: Ball
2-0: Called Strike
2-1: Fly out, F9 (Flyball, 9LM)
Bottom of the 7th over - 0 runs, 1 hit, 0 errors, 1 left on base; Portland 1 - Wizarding 1
TOP OF THE 8TH
Portland Evergreens batting - Pitching for Wizarding Express : RHP Marcos Oquendo
Batting: LHB Ramón Garmendia 0-0: Swinging Strike
0-1: Ball
1-1: Swinging Strike
1-2: Foul Ball, location: 2F
1-2: Fly out, F8 (Flyball, 89M)
Batting: SHB Willie McGirt 0-0: Ball
1-0: Called Strike
1-1: Swinging Strike
1-2: Foul Ball, location: 2F
1-2: Strikes out swinging, 2-3 out at first.
Batting: LHB John Ennis 0-0: SINGLE (Line Drive, 6MD)
Pinch Hitting: LHB Shahid Afridi 0-0: Ball
John Ennis steals 2nd base
1-0: Called Strike
1-1: Called Strike
1-2: Ball
2-2: DOUBLE (Line Drive, 9D)
John Ennis scores
Batting: LHB Dewitt Hopper 0-0: Ball
1-0: Ball
2-0: Ball
3-0: Base on Balls
Batting: LHB Chris Payling 0-0: Ground out U3 (Groundball, 3L)
Top of the 8th over - 1 run, 2 hits, 0 errors, 2 left on base; Portland 2 - Wizarding 1
BOTTOM OF THE 8TH
Wizarding Express batting - Pitching for Portland Evergreens : RHP Keith Rojas
Now at C: Carlos Cardona
Now at 2B: Bubba Blevins
Batting: LHB Nathan Tanner 0-0: Called Strike
0-1: Swinging Strike
0-2: Foul Ball, location: 2F
0-2: Ball
1-2: Ball
2-2: Foul Ball, location: 2F
2-2: Foul Ball, location: 2F
2-2: Ground out 6-3 (Groundball, 6)
Batting: RHB Gonzalo Ángel 0-0: Ball
1-0: Swinging Strike
1-1: Ball
2-1: Called Strike
2-2: Foul Ball, location: 2F
2-2: Ground out 6-3 (Groundball, 6)
Batting: RHB Ralph Cranford 0-0: Foul Ball, location: 2F
0-1: Swinging Strike
0-2: Ball
1-2: Hit by Pitch
Batting: LHB António Boccanegra 0-0: Ball
1-0: Ball
2-0: Swinging Strike
2-1: Ball
3-1: Foul Ball, location: 2F
3-2: Base on Balls
Ralph Cranford to second
Pitching: LHP Jesús Medina
Pinch Hitting: RHB Jeff Green 0-0: Called Strike
0-1: Fly out, F8 (Flyball, 78M)
Bottom of the 8th over - 0 runs, 0 hits, 0 errors, 2 left on base; Portland 2 - Wizarding 1
TOP OF THE 9TH
Portland Evergreens batting - Pitching for Wizarding Express : RHP Marcos Oquendo
Pitching: LHP Dorian Daly
Now in RF: Ken Watanabe
Batting: RHB Rob Gray 0-0: Swinging Strike
0-1: Ball
1-1: Ball
2-1: Called Strike
2-2: Strikes out swinging
Batting: RHB Carlos Cardona 0-0: Called Strike
0-1: Swinging Strike
0-2: Ball
1-2: Ball
2-2: Strikes out swinging
Batting: RHB Andrés Rodríguez 0-0: Called Strike
0-1: Swinging Strike
0-2: Strikes out looking
Top of the 9th over - 0 runs, 0 hits, 0 errors, 0 left on base; Portland 2 - Wizarding 1
BOTTOM OF THE 9TH
Wizarding Express batting - Pitching for Portland Evergreens : LHP Jesús Medina
Pitching: RHP Ricardo Gómez
Batting: RHB Frank Grimes 0-0: Foul Ball, location: 2F
0-1: Ball
1-1: Called Strike
1-2: SINGLE (Groundball, 6M) (infield hit)
Pinch Runner at 1st Ernesto Souza:
Batting: LHB José Corona 0-0: Called Strike
0-1: Called Strike
0-2: Ball
1-2: Ball
2-2: Foul Ball, location: 2F
2-2: Ball
3-2: Base on Balls
Ernesto Souza to second
Batting: SHB Salvador Trevino 0-0: SINGLE (Line Drive, 5D)
Ernesto Souza to third
José Corona to second
Batting: RHB António Martínez 0-0: Ball
1-0: Called Strike
1-1: Foul Ball, location: 2F
1-2: Foul Ball, location: 2F
1-2: Foul Ball, location: 2F
1-2: Fly out, F8 (Flyball, 8RS)
Runner from 3rd tags up, SCORES, no throw
Batting: LHB Nathan Tanner 0-0: Ball
1-0: Ball
2-0: Ball
3-0: Called Strike
3-1: Called Strike
3-2: Grounds into double play, 4-6-3 (Groundball, 4D)
Bottom of the 9th over - 1 run, 2 hits, 0 errors, 1 left on base; Portland 2 - Wizarding 2
TOP OF THE 10TH
Portland Evergreens batting - Pitching for Wizarding Express : LHP Dorian Daly
Now at 2B: Ernesto Souza
Pinch Hitting: SHB Jesús Cabańe 0-0: Called Strike
0-1: Ball
1-1: Ground out 6-3 (Groundball, 6)
Batting: SHB Willie McGirt 0-0: Ball
1-0: Foul Ball, location: 2F
1-1: Ball
2-1: Foul Ball, location: 2F
2-2: Strikes out swinging
Batting: LHB John Ennis 0-0: Foul Ball, location: 2F
0-1: Ball
1-1: Fly out, F5 (Line Drive, 56)
Top of the 10th over - 0 runs, 0 hits, 0 errors, 0 left on base; Portland 2 - Wizarding 2
BOTTOM OF THE 10TH
Wizarding Express batting - Pitching for Portland Evergreens : RHP Ricardo Gómez
Pitching: RHP Fernando Ramírez
Now at SS: Jesús Cabańe
Batting: RHB Gonzalo Ángel 0-0: Called Strike
0-1: Foul Ball, location: 2F
0-2: Foul Ball, location: 2F
0-2: Ball
1-2: Ball
2-2: Ball
3-2: Strikes out swinging
Batting: RHB Ralph Cranford 0-0: Foul Ball, location: 2F
0-1: Called Strike
0-2: Ball
1-2: SOLO HOME RUN (Flyball, 7D), Distance : 354 ft
Sunday, March 18th, 2018 - OOTP Baseball 18.8 Build 76